 Dungeon Crawl Stone Soup version 0.31-a0-236-g9a0961fb85 (webtiles) character file.

Game seed: 2441221327842983211

539 qw the Shooter (level 7, -1/43 HPs)
             Began as a Gargoyle Hexslinger on July 10, 2023.
             Was an Initiate of Okawaru.
             Slain by a killer bee (6 damage)
             ... on level 5 of the Dungeon.
             The game lasted 00:01:41 (3953 turns).

qw the Shooter (Gargoyle Hexslinger)                Turns: 3953, Time: 00:01:42

Health: -1/43      AC: 13    Str: 15    XL:     7   Next: 26%
Magic:  8/8        EV: 11    Int: 19    God:    Okawaru [......]
Gold:   158        SH:  0    Dex: 14    Spells: 7/8 levels left

rFire   . . .        Y - +2 sling (freeze)
rCold   . . .        (no shield)
rNeg    + . .        k - +0 ring mail
rPois   inf          (no helmet)
rElec   +            b - +0 cloak
rCorr   .            (no gloves)
SInv    .            g - +1 pair of boots
Will    .....        (no amulet)
Stlth   +            n - ring "Aghy" {Str+3 Int+6}
HPRegen 0.27/turn    (no ring)
MPRegen 0.11/turn

%: no passive effects
@: about to teleport
A: sickness immunity, AC +4, negative energy resistance 1, electricity
resistance, torment resistance 1, petrification resistance
a: Renounce Religion


You were on level 5 of the Dungeon.
You worshipped Okawaru.
Okawaru was noncommittal.
You visited 2 branches of the dungeon, and saw 6 of its levels.

You collected 158 gold pieces.


Innate Abilities, Weirdness & Mutations

You are immune to sickness and miasma.
Your stone body is resilient. (AC +4)
You are immune to poison.
You resist negative energy. (rN+)
You are resistant to electric shocks. (rElec)
You are resistant to unholy torment.
You are immune to petrification.


   Skills:
 - Level 4.1 Fighting
 + Level 6.6 Ranged Weapons
 - Level 1.0 Armour
 - Level 1.5 Dodging
 - Level 1.0 Spellcasting
 - Level 2.6 Hexes


You had 7 spell levels left.
You knew the following spells:

 Your Spells              Type           Power      Damage    Failure   Level
a - Slow                  Hex            44%        N/A       12%         1

Your spell library contained the following spells:

 Spells                   Type           Power      Damage    Failure   Level
 Inner Flame              Hex/Fire       6%         N/A       54%         3
 Portal Projectile        Hex/Tloc       12%        N/A       54%         3
 Cause Fear               Hex            5%         N/A       77%         4

Inventory:

Hand Weapons
 Y - a +2 sling of freezing (weapon)
Armour
 b - a +0 cloak (worn)
 g - a +1 pair of boots (worn)
 k - a +0 ring mail (worn)
Jewellery
 f - an amulet of the acrobat
 n - the ring "Aghy" (left hand) {Str+3 Int+6}
   (You found it on level 4 of the Dungeon)

   [ring of intelligence]

   Str:       It affects your strength (+3).
   Int:       It affects your intelligence (+6).
 o - an amulet of reflection
Scrolls
 c - a scroll of identify
 j - a scroll of blinking {unknown}
Potions
 d - 3 potions of curing
 e - 2 potions of haste
 h - a potion of lignification {unknown}
 i - a potion of mutation {unknown}
 l - a potion of heal wounds {unknown}
 m - a potion of degeneration {unknown}

Dungeon Overview and Level Annotations

Branches:
Dungeon (5/15)             Temple (1/1) D:4

Altars:
Ashenzari
Cheibriados
Dithmenos
Elyvilon
Kikubaaqudgha
Nemelex Xobeh
Okawaru
Qazlal
Ru
Sif Muna
Uskayaw
Vehumet
Wu Jian
Xom
Yredelemnul

Shops:
D:1 *

Annotations:
D:3 2 runed translucent doors, qw's ghost, amateur MiHs


Message History

The killer bee closely misses you.
The killer bee stings you but does no damage.
3929 ||| READING 2 scrolls of teleportation.
As you read the scroll of teleportation, it crumbles to dust.
You feel strangely unstable. The killer bee closely misses you.
The killer bee completely misses you.
The killer bee stings you but does no damage.
The killer bee stings you!
You shoot a sling bullet. The sling bullet misses the killer bee.
The killer bee misses you. The killer bee barely misses you.
The killer bee stings you.
The killer bee stings you but does no damage.
You shoot a sling bullet. The sling bullet hits the killer bee.
The sling bullet freezes the killer bee.
The killer bee is moderately wounded.
Your surroundings suddenly seem different.
Enter note:
Enter note:
Enter note:
Enter note: You start resting.
A killer bee is nearby!
You shoot a sling bullet.
The sling bullet completely misses the killer bee.
The killer bee buzzes angrily.
You shoot a sling bullet.
The sling bullet hits the killer bee but does no damage.
3951 ||| READING scroll of teleportation.
As you read the scroll of teleportation, it crumbles to dust.
You feel strangely unstable.
The killer bee stings you but does no damage.
The killer bee barely misses you.
You shoot a sling bullet.
The sling bullet closely misses the killer bee.
The killer bee stings you. The killer bee closely misses you.
The killer bee stings you but does no damage.
You shoot a sling bullet.
The sling bullet closely misses the killer bee.
The killer bee stings you.
You die...

#'#######.# #..# ......# #.# #..#
......# #.# #..# ####
......###.###..# #... ###
...............# ..# #..
......###...#.####.#### #.#
......# ###............ #.#
......# ###.......#############.#
##..............@................
.############.y##############.#
.# .......#.# #.......####.#
##..##.#.###.#####.##...# #
#.#.......#.#.##.###
#...<............# #
.....#.###.#.###.######
........#.......#.......
.####.#######.....######


You could see a killer bee.

Vanquished Creatures
  An ogre (D:4)
  2 scorpions (D:4)
  A killer bee (D:5)
  A hound (D:4)
  A jelly (D:3)
  Ijyb (D:5)
  An iguana (D:4)
  An orc wizard (D:5)
  3 gnolls (D:5)
  3 adders (D:2)
  2 ufetubi (D:5)
  3 worms
  A dart slug (D:1)
  5 orcs
  9 bats
  7 endoplasms
  A giant cockroach (D:4)
  5 goblins
  4 hobgoblins
  8 jackals (D:2)
  6 kobolds
  6 quokkas
  7 ball pythons
  6 frilled lizards
  4 rats
89 creatures vanquished.

Notes
Turn   | Place    | Note
-------+----------+-------------------------------------------
     0 | D:1      | qw the Gargoyle Hexslinger began the quest for the Orb.
     0 | D:1      | Reached XP level 1. HP: 12/12 MP: 2/2
     0 | D:1      | 0 ||| qw: Version: 0.3-a-52-g30416fa
     0 | D:1      | 0 ||| qw: Game counter: 4720
     0 | D:1      | 0 ||| qw: Melee chars always use a shield: true
     0 | D:1      | 0 ||| qw: God list: Okawaru
     0 | D:1      | 0 ||| qw: Allow faded altars: false
     0 | D:1      | 0 ||| qw: Do Orc after clearing Dungeon:15 true
     0 | D:1      | 0 ||| qw: Do second Lair branch before Depths: true
     0 | D:1      | 0 ||| qw: Lair rune preference: random
     0 | D:1      | 0 ||| qw: Goals: Normal
     0 | D:1      | 0 ||| PLANNING D:1-11
    55 | D:1      | Reached XP level 2. HP: 15/16 MP: 3/3
    99 | D:1      | Found Fithoj's General Store.
   109 | D:1      | 109 ||| SHOPLISTING +0 leather armour (24 gold, have 10).
   109 | D:1      | 109 ||| SHOPLISTING +3 leather armour of Creativity {MP+9}
                  | (514 gold, have 10).
   109 | D:1      | 109 ||| SHOPLISTING potion of curing (36 gold, have 10).
   109 | D:1      | 109 ||| SHOPLISTING potion of resistance (120 gold, have
                  | 10).
   143 | D:1      | Reached skill level 3 in Ranged Weapons
   410 | D:1      | Found a faded altar of an unknown god.
   452 | D:1      | Reached XP level 3. HP: 18/21 MP: 4/4
   682 | D:1      | 682 ||| UPGRADING to +0 pair of boots.
   687 | D:1      | 687 ||| UPGRADING to +0 ring mail.
   697 | D:1      | 697 ||| DROPPING +0 robe.
   698 | D:1      | 698 ||| READING scroll labelled NURUBLO GUKH.
   701 | D:1      | 701 ||| READING scroll labelled VOEBOR MIMOZUB.
   702 | D:1      | 702 ||| READING scroll labelled BUSHRO GE ZOUJO.
   703 | D:1      | 703 ||| READING scroll labelled UPLUSKA COLOA.
   704 | D:1      | 704 ||| DROPPING scroll of poison.
   785 | D:2      | Reached skill level 1 in Armour
   934 | D:2      | Reached XP level 4. HP: 26/26 MP: 5/5
  1091 | D:2      | Found a shimmering altar of Xom.
  1172 | D:2      | Reached skill level 4 in Ranged Weapons
  1247 | D:2      | Identified the +0 robe of Gozag's Benevolence {Int+4}
  1471 | D:2      | 1471 ||| UPGRADING to +0 cloak.
  1476 | D:2      | 1476 ||| DROPPING +0 robe of Gozag's Benevolence {Int+4}.
  1477 | D:2      | 1477 ||| DROPPING ring of magical power.
  1478 | D:2      | 1478 ||| READING scroll labelled LIR KAACKEUXT.
  1579 | D:2      | 1579 ||| READING scroll labelled ZEKUCO GESH.
  1748 | D:3      | Reached XP level 5. HP: 27/30 MP: 6/6
  2015 | D:3      | Found a shimmering blue altar of Sif Muna.
  2218 | D:3      | Found a runed translucent door.
  2219 | D:3      | Noticed qw's ghost (amateur MiHs)
  2384 | D:3      | Found a runed translucent door.
  2446 | D:3      | 2446 ||| READING scroll labelled CYGIOKHAPHE.
  2447 | D:3      | 2447 ||| DRINKING 4 fuming sapphire potions.
  2521 | D:4      | Reached skill level 5 in Ranged Weapons
  2561 | D:4      | Noticed an ogre
  2567 | D:4      | Killed an ogre
  2568 | D:4      | Reached skill level 3 in Fighting
  2568 | D:4      | Reached XP level 6. HP: 37/37 MP: 7/7
  2580 | D:4      | Identified the +9 whip of Legiq {flame, Fragile rN++ Int+3
                  | Dex+4}
  3043 | D:4      | Identified the ring "Aghy" {Str+3 Int+6}
  3185 | D:4      | Found a staircase to the Ecumenical Temple.
  3186 | D:4      | 3186 ||| PLANNING TEMPLE
  3214 | D:4      | 3214 ||| UPGRADING to ring "Aghy" {Str+3 Int+6}.
  3215 | D:4      | 3215 ||| READING scroll labelled PEDUSA KARUNUW.
  3216 | D:4      | 3216 ||| READING 2 scrolls labelled FUUMEPP KAGYOG.
  3217 | D:4      | 3217 ||| READING scroll of enchant armour.
  3217 | D:4      | 3217 ||| ENCHANTING +0 pair of boots.
  3218 | D:4      | 3218 ||| READING 3 scrolls of identify.
  3218 | D:4      | 3218 ||| IDENTIFYING fizzy inky potion
  3219 | D:4      | 3219 ||| READING 2 scrolls of identify.
  3219 | D:4      | 3219 ||| IDENTIFYING puce potion
  3220 | D:4      | 3220 ||| DROPPING potion of attraction.
  3227 | Temple   | Entered the Ecumenical Temple
  3228 | Temple   | 3228 ||| PLANNING OKAWARU WORSHIP
  3371 | Temple   | Became a worshipper of Warmaster Okawaru
  3372 | Temple   | 3372 ||| PLANNING D:1-11
  3454 | D:4      | Reached skill level 6 in Ranged Weapons
  3525 | D:4      | 3525 ||| READING 3 scrolls labelled QYLIGH TYIT.
  3526 | D:4      | 3526 ||| DROPPING 2 scrolls of immolation.
  3529 | D:5      | Entered Level 5 of the Dungeon
  3703 | D:5      | Noticed Ijyb
  3713 | D:5      | Killed Ijyb
  3714 | D:5      | Reached XP level 7. HP: 42/43 MP: 8/8
  3928 | D:5      | HP: 10/43 [killer bee (6)]
  3929 | D:5      | 3929 ||| READING 2 scrolls of teleportation.
  3929 | D:5      | HP: 3/43 [killer bee (7)]
  3930 | D:5      | HP: 1/43 [killer bee (2)]
  3951 | D:5      | 3951 ||| READING scroll of teleportation.
  3952 | D:5      | HP: 5/43 [killer bee (3)]
  3953 | D:5      | Slain by a killer bee

Levels and vault maps discovered:
D:1:      tarquinn_simple_flora_water_b, layout_loops_cross, serial_shops, shop,
          dreamdust_ecumenical_altar_statues
D:2:      layout_basic, basic_altar
D:3:      layout_basic, mainiacjoe_overflow_six_doors_small,
          ebering_ghost_sewer_f
D:4:      layout_basic, minmay_temple_entry_tees, corexii_shack
D:5:      layout_basic, worldfamousw_hep_ancestral_shrine, uniq_ijyb
Temple:   nicolae_temple_superstar

Skill      XL: |  1  2  3  4  5  6 |
---------------+-------------------+-----
Ranged Weapons | 3 4 5 6 |  6.6
Fighting       | 2 3 4 |  4.1
Armour         | 1 |  1.0
Dodging        | |  1.5
Spellcasting   | |  1.0
Hexes          | |  2.6

Action                     |  1- 3 |  4- 6 |  7- 9 || total
---------------------------+-------+-------+-------++-------
   Fire: Sling             |   106 |   203 |    51 ||   360
    Use: Scroll            |     4 |     9 |     2 ||    15
         Potion            |       |     1 |       ||     1
 Armour: Robe              |     6 |       |       ||     6
         Ring mail         |    15 |    52 |    41 ||   108
  Dodge: Dodged            |    27 |    68 |    46 ||   141

Table legend:
 A = Non-vault XP
 B = Vault XP
 C = Vault XP percentage of total XP
 D = Non-vault monster count
 E = Vault monster count
 F = Vault count percentage of total count
                 A         B        C        D         E       F
            +---------+---------+-------+---------+---------+-------
      Total |     733 |      38 |   4.9 |      87 |       2 |   2.2
            +---------+---------+-------+---------+---------+-------
        D:1 |      35 |       0 |   0.0 |      19 |       0 |   0.0
        D:2 |      81 |       0 |   0.0 |      27 |       0 |   0.0
        D:3 |      70 |       0 |   0.0 |      15 |       0 |   0.0
        D:4 |     382 |       2 |   0.5 |      15 |       1 |   6.2
        D:5 |     165 |      36 |  17.9 |      11 |       1 |   8.3
            +---------+---------+-------+---------+---------+-------
